 Dungeon Sprint DCSS version 0.17-a0-1778-gd369669 (webtiles) character file.

858 KambridgeKobold the Fighter (level 7, -14/81 HPs)
             Began as a Minotaur Monk on Sept 8, 2015.
             Was a Follower of Ru.
             Demolished by a sun demon (16 damage)
             ... summoned by a kobold demonologist
             ... in the Dungeon (Sprint I: "Red Sonja").
             The game lasted 00:04:42 (853 turns).

KambridgeKobold the Fighter (Minotaur Monk)          Turns: 853, Time: 00:04:43

Health: -14/81     AC:  9    Str: 15      XL:     7   Next: 71%
Magic:  6/6        EV:  9    Int:  7      God:    Ru [*.....]
Gold:   368        SH:  0    Dex: 11 (15) Spells: 0 memorised, 6 levels left

rFire  . . .     SeeInvis .       - Unarmed
rCold  . . .     Clarity  .     i - +0 scale mail
rNeg   . . .     SustAt   .     (no shield)
rPois  .         Gourm    .     (helmet restricted)
rElec  .         Spirit   .     (no cloak)
rCorr  .         Warding  .     (no gloves)
rMut   .         NoTele   +     (no boots)
MR     .....                    (no amulet)
Stlth  ..........               (no ring)
                                (no ring)

@: very slightly contaminated, hasted, very quick, not resistant to hostile
enchantments, extremely unstealthy
A: retaliatory headbutt, horns 2, inability to train dodging
a: Renounce Religion


You were in the Dungeon.
You worshipped Ru.
Ru was aware of your devotion.
You were not hungry.

You visited 1 branch You collected 420 gold pieces.
You spent 52 gold pieces at shops.

Inventory:

Hand weapons
 k - a +0 scythe
 l - a +0 rapier
Armour
 a - a +0 robe
 i - a +0 scale mail (worn)
Magical devices
 j - a wand of frost (23)
Scrolls
 h - a scroll of blinking
Potions
 c - a potion of curing
 d - a potion of heal wounds
 f - 3 potions of magic
 g - a potion of berserk rage
 m - a potion of poison
 n - a potion of lignification
Comestibles
 b - a bread ration


   Skills:
 + Level 14.1 Fighting
 + Level 13.7 Armour
 - Level 1.5 Stealth
 - Level 4.3 Unarmed Combat


You had 6 spell levels left.
You didn't know any spells.

Dungeon Overview and Level Annotations

Branches:
Dungeon (1/1)

Altars:
Cheibriados
Dithmenos
Elyvilon
Fedhas
Gozag
Kikubaaqudgha
Makhleb
Nemelex Xobeh
Okawaru
Qazlal
Ru
Sif Muna
Trog
Vehumet
Xom
Yredelemnul
Zin
The Shining One
Jiyva

Shops:
D !


Innate Abilities, Weirdness & Mutations

You reflexively headbutt those who attack you in melee.
You have a pair of horns on your head.
You cannot train Dodging skill.


Message History

The white imp disappears in a puff of smoke!
The ufetubus disappears in a puff of smoke!
The quasit bites you but does no damage.
The quasit claws you.
* * * LOW HITPOINT WARNING * * *
The quasit barely misses you.
The quasit bites you but does no damage.
The quasit barely misses you.
The quasit claws you but does no damage.
The sun demon barely misses you.
The kobold demonologist mumbles some strange words.
There is an open door, spattered with blood here.
Things that are here:
a dagger; a robe You punch the giant eyeball!
You headbutt the giant eyeball!
You kill the giant eyeball!
The sun demon hits you!
* * * LOW HITPOINT WARNING * * *
You are engulfed in flames!
You die...

#####################
.)..#.['..#__#53@3§.#
.#..'..#..'..54K#.§.#
###'#####'#__####.§.+
##..#...#.#### ####
_####..##.#
..__##'#..+
.∩...'..._#
..._##_.#'#
____###+#.#


You could see a soul eater, a sun demon, a kobold demonologist, a red devil and
2 quasits.

Vanquished Creatures
  A kobold demonologist (D)
  A slime creature (D)
  Sigmund (D)
  A yak (D)
  An ogre (D)
  A jelly (D)
  Ijyb (D)
  A giant eyeball (D)
8 creatures vanquished.

Vanquished Creatures (others)
  A gargoyle (D)
1 creature vanquished.

Grand Total: 9 creatures vanquished

Notes
Turn   | Place    | Note
--------------------------------------------------------------
     0 | D        | KambridgeKobold the Minotaur Monk began the quest for the Orb.
     0 | D        | Reached XP level 1. HP: 19/19 MP: 0/0
     1 | D        | Noticed Ijyb
    22 | D        | Killed Ijyb
    22 | D        | Reached skill level 6 in Fighting
    22 | D        | Reached XP level 2. HP: 13/30 MP: 1/1
   123 | D        | Killed a gargoyle
   185 | D        | Noticed an ogre
   191 | D        | Killed an ogre
   191 | D        | Reached skill level 8 in Fighting
   191 | D        | Reached XP level 3. HP: 7/41 MP: 2/2
   191 | D        | Reached XP level 4. HP: 8/49 MP: 3/3
   446 | D        | Noticed Sigmund
   461 | D        | Killed Sigmund
   461 | D        | Reached skill level 10 in Fighting
   461 | D        | Reached skill level 10 in Armour
   461 | D        | Reached XP level 5. HP: 31/59 MP: 4/4
   618 | D        | Found a deep blue altar of Sif Muna.
   619 | D        | Noticed a jelly
   620 | D        | Found a radiant altar of Vehumet.
   622 | D        | Killed a jelly
   622 | D        | Reached skill level 11 in Fighting
   622 | D        | Reached XP level 6. HP: 62/68 MP: 5/5
   651 | D        | Found Wyefuuqal's Distillery.
   651 | D        | Found a white marble altar of Elyvilon.
   651 | D        | Found a stormy altar of Qazlal.
   651 | D        | Found a burning altar of Makhleb.
   651 | D        | Found a sacrificial altar of Ru.
   651 | D        | Found a basalt altar of Yredelemnul.
   651 | D        | Found a glowing golden altar of the Shining One.
   651 | D        | Found a sparkling altar of Nemelex Xobeh.
   651 | D        | Found a shimmering altar of Xom.
   651 | D        | Found an opulent altar of Gozag.
   651 | D        | Found an ancient bone altar of Kikubaaqudgha.
   651 | D        | Found a glowing silver altar of Zin.
   651 | D        | Noticed a yak
   656 | D        | Killed a yak
   656 | D        | Reached skill level 12 in Fighting
   657 | D        | Found an iron altar of Okawaru.
   658 | D        | Found a bloodstained altar of Trog.
   760 | D        | Bought a potion of poison for 13 gold pieces
   760 | D        | Bought a potion of lignification for 39 gold pieces
   761 | D        | Became a worshipper of Ru the Awakened
   775 | D        | Gained mutation: You cannot train Dodging skill. [Ru sacrifice]
   775 | D        | Acquired Ru's first power
   776 | D        | Found a snail-covered altar of Cheibriados.
   776 | D        | Found a viscous altar of Jiyva.
   776 | D        | Found a shadowy altar of Dithmenos.
   776 | D        | Found a blossoming altar of Fedhas.
   776 | D        | Noticed a slime creature
   783 | D        | Killed a slime creature
   783 | D        | Reached skill level 13 in Fighting
   783 | D        | Reached XP level 7. HP: 71/79 MP: 6/6
   824 | D        | Noticed a kobold demonologist
   824 | D        | Paralysed by a giant eyeball for 4 turns
   825 | D        | Noticed a kobold demonologist
   827 | D        | Noticed a sun demon
   836 | D        | Paralysed by a giant eyeball for 3 turns
   844 | D        | Noticed a red devil
   851 | D        | Killed a kobold demonologist
   851 | D        | Reached skill level 14 in Fighting
   853 | D        | Noticed a soul eater
   853 | D        | HP: 2/81 [sun demon[a kobold demonologist] (16)]
   853 | D        | Demolished by a sun demon

Vault maps used:
D:        dungeon_sprint_1

Action                   |  1- 3 |  4- 6 |  7- 9 || total
-------------------------+-------+-------+-------++-------
Melee: Unarmed           |    24 |    20 |    21 ||    65
Invok: Sacrifice Nimblen |       |     1 |       ||     1
  Use: Potion            |       |       |     1 ||     1
